AoeStats
← 大王同学

Hideout

503555773Analyzed
4v4 RM · 1mo ago on Sep 1, 2026· 42m 59s· 8 players
Game mode
Random Map
Map size
Large (8 player)
Population
200
Speed
Normal
Resources
Standard
Victory
Conquest
Starting age
Dark Age
Ending age
Imperial Age
RankedLock teamsTeams togetherTeam positionsShared explorationLock speedFull tech treeHidden civsTurbo modeCheats
Victory
Defeat
🇹🇼 Britons · Taiwan
1399
+11
🇨🇳 Japanese · China
1375
+13
🇯🇵 Georgians · Japan
1332
+14
1242
+19
🇺🇸 Armenians · United States
1312
-15
1308
-15
🇭🇰 Persians · Hong Kong SAR China
1300
-14
🇹🇼 Poles · Taiwan
1273
-13
神鬼戰士
0:28 Loom
13:06 Feudal Age
14:57 Wheelbarrow
14:08 Town Watch
14:06 Horse Collar
14:17 Double-Bit Axe
19:05 Castle Age
17:46 Scale Barding Armor
18:27 Bloodlines
19:15 Light Cavalry
19:59 Husbandry
23:17 Heavy Plow
24:17 Forging
大王同学
1:18 Loom
7:00 Loom
raggnar_lothbrook
9:03 Feudal Age
9:18 Man-at-Arms
10:42 Long Swordsman
12:23 Scale Mail Armor
15:59 Arson
19:16 Double-Bit Axe
21:40 Horse Collar
25:45 Castle Age
26:16 Gambesons
27:03 Chain Mail Armor
26:31 Two-Handed Swordsman
27:38 Squires
传奇耐电王汤恩伯
7:23 Loom
9:55 Feudal Age
11:23 Arson
11:39 Man-at-Arms
13:34 Scale Mail Armor
14:35 Double-Bit Axe
18:05 Horse Collar
21:18 Castle Age
19:23 Fletching
19:55 Forging
21:25 Stone Mining
24:31 Squires
24:53 Chain Mail Armor
25:15 Iron Casting
28:32 Pikeman
33:10 Heavy Plow
藥膏
6:36 Loom
9:03 Feudal Age
16:21 Padded Archer Armor
23:23 Fletching
36:11 Double-Bit Axe
43:00 Castle Age
D哥
8:28 Loom
10:35 Feudal Age
13:35 Double-Bit Axe
23:49 Fletching
25:28 Horse Collar
31:28 Castle Age
29:31 Gold Mining
30:15 Stone Mining
沒打很好但夠用
0:27 Loom
11:00 Feudal Age
9:50 Double-Bit Axe
9:47 Horse Collar
17:41 Castle Age
16:20 Scale Barding Armor
16:44 Gold Mining
17:42 Cavalier
18:50 Chain Barding Armor
23:26 Husbandry
30:54 Stone Mining
32:28 Wheelbarrow
32:25 Heavy Plow
35:43 Forging
39:58 Imperial Age
40:13 Iron Casting
40:01 Bow Saw
40:24 Crop Rotation
40:39 Gold Shaft Mining
40:05 Paladin
41:36 Plate Barding Armor
43:00 Spies/Treason
店小贰
8:44 Loom
11:06 Feudal Age
11:42 Double-Bit Axe
14:39 Castle Age
12:25 Horse Collar
15:35 Bow Saw
22:30 Stone Mining
24:46 Scale Barding Armor
24:52 Forging
25:22 Wheelbarrow
26:33 Chain Barding Armor
27:06 Stone Shaft Mining
26:22 Gold Mining
27:23 Murder Holes
27:53 Ballistics
28:07 Heavy Plow
28:10 Fletching
29:37 Bodkin Arrow
33:43 Imperial Age
32:34 Iron Casting
32:15 Hand Cart
33:43 Elite Monaspa
34:45 Conscription
35:32 Blast Furnace
35:40 Plate Barding Armor
37:45 Aznauri Cavalry
41:29 Spies/Treason
Connection lost

Rejoining the realm…

Still unreachable

The connection could not be restored.

Session expired

The server has moved on; the page needs a fresh start.